SL
HOUSTON 1837 BBC @ SEATTLE AVIATORS
09/29/2026
 
TOP OF THE 1ST
Houston 1837 BBC batting - Pitching for Seattle Aviators : RHP Chip Bishop
Pitching: RHP Chip Bishop
Batting: LHB Alberto Torres 0-0: Ball
1-0: Ground out 1-3 (Groundball, 13S)
Batting: RHB Kumanosuke Abe 0-0: Called Strike
0-1: Foul Ball, location: 2F
0-2: Foul Ball, location: 2F
0-2: Ball
1-2: Ball
2-2: DOUBLE (Flyball, 78D)
Batting: LHB José Marín 0-0: Ball
1-0: Foul Ball, location: 2F
1-1: Ball
2-1: Ball
3-1: Base on Balls
Batting: RHB Bob Dickerson 0-0: Foul Ball, location: 2F
0-1: Ball
1-1: Ball
2-1: Swinging Strike
2-2: SINGLE (Line Drive, 6)
Kumanosuke Abe to third
José Marín to second
Batting: SHB Jason Alexander 0-0: Ball
1-0: Ball
2-0: Ball
3-0: Base on Balls
Kumanosuke Abe scores
José Marín to third
Bob Dickerson to second
Batting: RHB David Gómez 0-0: Ball
1-0: Ball
2-0: SINGLE (Flyball, 78M)
José Marín scores
Bob Dickerson to third
Jason Alexander to second
Runner from 3rd tries for Home, SAFE, throw made home
Jason Alexander to third
David Gómez to second
Now in LF: Juan Torres
Batting: LHB Mike Hanson 0-0: Called Strike
0-1: Foul Ball, location: 2F
0-2: Foul Ball, location: 2F
0-2: Strikes out swinging
Batting: RHB Tracy Parker 0-0: Ball
1-0: Called Strike
1-1: Ball
2-1: Ball
3-1: Foul Ball, location: 2F
3-2: Base on Balls
Batting: RHB Rubén Marino 0-0: Ball
1-0: Fly out, F5 (Line Drive, 5)
Top of the 1st over - 3 run(s), 3 hit(s), 0 error(s), 3 left on base; Houston 3 - Seattle 0
BOTTOM OF THE 1ST
Seattle Aviators batting - Pitching for Houston 1837 BBC : RHP Gary Bailey
Pitching: RHP Gary Bailey
Batting: LHB Ramón García 0-0: Ball
1-0: Ground out 1-3 (Groundball, 15)
Batting: RHB John MacGregor 0-0: Foul Ball, location: 2F
0-1: Swinging Strike
0-2: Ground out 6-3 (Groundball, 6)
Batting: LHB Kenny Webster 0-0: Called Strike
0-1: Ball
1-1: Ball
2-1: SINGLE (Groundball, 3D)
Batting: SHB Juan Torres 0-0: Foul Ball, location: 2F
0-1: Ball
1-1: Called Strike
1-2: Ball
2-2: Foul Ball, location: 2F
2-2: Ball
3-2: Ground out 4-3 (Groundball, 4)
Bottom of the 1st over - 0 run(s), 1 hit(s), 0 error(s), 1 left on base; Houston 3 - Seattle 0
TOP OF THE 2ND
Houston 1837 BBC batting - Pitching for Seattle Aviators : RHP Chip Bishop
Batting: LHB Alberto Torres 0-0: Called Strike
0-1: Foul Ball, location: 2F
0-2: Ball
1-2: Ground out 1-3 (Groundball, 15S)
Batting: RHB Kumanosuke Abe 0-0: Ball
1-0: Foul Ball, location: 2F
1-1: Ball
2-1: Foul Ball, location: 2F
2-2: Strikes out swinging
Batting: LHB José Marín 0-0: Ground out 1-3 (Groundball, 13)
Top of the 2nd over - 0 run(s), 0 hit(s), 0 error(s), 0 left on base; Houston 3 - Seattle 0
BOTTOM OF THE 2ND
Seattle Aviators batting - Pitching for Houston 1837 BBC : RHP Gary Bailey
Batting: RHB Ethan Stanford 0-0: Ball
1-0: Called Strike
1-1: Ball
2-1: Swinging Strike
2-2: Fly out, F5 (Popup, 56)
Batting: RHB Sean Davis 0-0: Ball
1-0: Called Strike
1-1: Foul Ball, location: 2F
1-2: SINGLE (Flyball, 89S)
Batting: RHB Bobby Christopher 0-0: SINGLE (Line Drive, 7S)
Sean Davis to second
Batting: RHB Jay Parker 0-0: Ball
1-0: Ball
2-0: Grounds into double play, 5-4-3 (Groundball, 5)
Bottom of the 2nd over - 0 run(s), 2 hit(s), 0 error(s), 1 left on base; Houston 3 - Seattle 0
TOP OF THE 3RD
Houston 1837 BBC batting - Pitching for Seattle Aviators : RHP Drake Riley
Pitching: RHP Drake Riley
Batting: RHB Bob Dickerson 0-0: Ball
1-0: Ball
2-0: Fly out, F9 (Flyball, 9S)
Batting: SHB Jason Alexander 0-0: Called Strike
0-1: Foul Ball, location: 2F
0-2: Ball
1-2: Foul Ball, location: 2F
1-2: Ball
2-2: Ball
3-2: Foul Ball, location: 2F
3-2: Strikes out swinging
Batting: RHB David Gómez 0-0: Ball
1-0: Ball
2-0: Ball
3-0: Base on Balls
Batting: LHB Mike Hanson 0-0: Ball
1-0: Foul Ball, location: 2F
1-1: Ground out 4-3 (Groundball, 4S)
Top of the 3rd over - 0 run(s), 0 hit(s), 0 error(s), 1 left on base; Houston 3 - Seattle 0
BOTTOM OF THE 3RD
Seattle Aviators batting - Pitching for Houston 1837 BBC : RHP Gary Bailey
Batting: RHB Tynan Hawkins 0-0: Called Strike
0-1: Foul Ball, location: 2F
0-2: Ground out 5-3 (Groundball, 56)
Batting: LHB Ramón García 0-0: Called Strike
0-1: Ground out 1-3 (Groundball, P)
Batting: RHB John MacGregor 0-0: Ball
1-0: Reached on error, E6 (Groundball, 6)
Batting: LHB Kenny Webster 0-0: DOUBLE (Line Drive, 8LD)
John MacGregor scores
Batting: SHB Juan Torres 0-0: Swinging Strike
0-1: Fly out, F9 (Flyball, 89S)
Bottom of the 3rd over - 1 run(s), 1 hit(s), 1 error(s), 1 left on base; Houston 3 - Seattle 1
TOP OF THE 4TH
Houston 1837 BBC batting - Pitching for Seattle Aviators : RHP Drake Riley
Batting: RHB Tracy Parker 0-0: Called Strike
0-1: Swinging Strike
0-2: Strikes out looking
Batting: RHB Rubén Marino 0-0: Ball
1-0: Called Strike
1-1: Ball
2-1: SINGLE (Groundball, 6D)
Batting: LHB Alberto Torres 0-0: Called Strike
0-1: Fly out, F7 (Flyball, 78M)
Batting: RHB Kumanosuke Abe 0-0: Ball
Rubén Marino is caught stealing 2nd base
Top of the 4th over - 0 run(s), 1 hit(s), 0 error(s), 0 left on base; Houston 3 - Seattle 1
BOTTOM OF THE 4TH
Seattle Aviators batting - Pitching for Houston 1837 BBC : RHP Gary Bailey
Batting: RHB Ethan Stanford 0-0: Ball
1-0: Foul Ball, location: 2F
1-1: Fly out, F8 (Flyball, 8RS)
Batting: RHB Sean Davis 0-0: Ball
1-0: Ball
2-0: Called Strike
2-1: Ball
3-1: Foul Ball, location: 2F
3-2: Strikes out swinging
Batting: RHB Bobby Christopher 0-0: Ball
1-0: Ball
2-0: Called Strike
2-1: Foul Ball, location: 2F
2-2: Ground out 1-3 (Groundball, 13S)
Bottom of the 4th over - 0 run(s), 0 hit(s), 0 error(s), 0 left on base; Houston 3 - Seattle 1
TOP OF THE 5TH
Houston 1837 BBC batting - Pitching for Seattle Aviators : RHP Drake Riley
Batting: RHB Kumanosuke Abe 0-0: Ball
1-0: Ball
2-0: Ball
3-0: Called Strike
3-1: Called Strike
3-2: Base on Balls
Batting: LHB José Marín 0-0: Called Strike
0-1: Called Strike
0-2: Foul Ball, location: 2F
0-2: Foul Ball, location: 2F
0-2: Ball
1-2: Foul Ball, location: 2F
1-2: Fly out, F8 (Flyball, 8RD)
Batting: RHB Bob Dickerson 0-0: Ball
1-0: Ball
2-0: Grounds into double play, 6-4-3 (Groundball, 6MD)
Top of the 5th over - 0 run(s), 0 hit(s), 0 error(s), 0 left on base; Houston 3 - Seattle 1
BOTTOM OF THE 5TH
Seattle Aviators batting - Pitching for Houston 1837 BBC : RHP Gary Bailey
Batting: RHB Jay Parker 0-0: Called Strike
0-1: Ball
1-1: Ball
2-1: Foul Ball, location: 2F
2-2: Foul Ball, location: 2F
2-2: Fly out, F8 (Flyball, 8LM)
Batting: RHB Tynan Hawkins 0-0: Foul Ball, location: 2F
0-1: Ball
1-1: Ball
2-1: Ball
3-1: Foul Ball, location: 2F
3-2: Base on Balls
Batting: LHB Ramón García 0-0: Ball
1-0: Foul Ball, location: 2F
1-1: Ball
2-1: Ball
3-1: SINGLE (Groundball, 34D)
Tynan Hawkins to second
Runner from 2nd tries for 3rd, SAFE, throw made to third
Ramón García to second
Batting: RHB John MacGregor 0-0: Ball
1-0: Ground out 6-3 (Groundball, 6)
Tynan Hawkins scores
Ramón García to third
Batting: LHB Kenny Webster 0-0: Called Strike
0-1: Foul Ball, location: 2F
0-2: Ball
1-2: Ball
2-2: Foul Ball, location: 2F
2-2: Ball
3-2: Reached on error, E4 (Groundball, 34)
Ramón García scores
Pitching: RHP Greg White
Batting: SHB Juan Torres 0-0: SINGLE (Line Drive, 9S)
Kenny Webster to third
Runner from 3rd tries for Home, throw and OUT!
Bottom of the 5th over - 2 run(s), 2 hit(s), 1 error(s), 1 left on base; Houston 3 - Seattle 3
TOP OF THE 6TH
Houston 1837 BBC batting - Pitching for Seattle Aviators : RHP Drake Riley
Batting: SHB Jason Alexander 0-0: Ball
1-0: Ball
2-0: Swinging Strike
2-1: Ground out 4-3 (Groundball, 4)
Batting: RHB David Gómez 0-0: Ball
1-0: Ball
2-0: Fly out, F4 (Line Drive, 4)
Pitching: RHP Bill Ball
Batting: LHB Mike Hanson 0-0: Called Strike
0-1: Called Strike
0-2: Ball
1-2: Ball
2-2: Foul Ball, location: 2F
2-2: SINGLE (Line Drive, 89M)
Batting: RHB Tracy Parker 0-0: Ball
1-0: Ball
2-0: Called Strike
2-1: Ball
Mike Hanson steals 2nd base
3-1: Intentional Walk
Batting: RHB Rubén Marino 0-0: Foul Ball, location: 2F
0-1: Foul Ball, location: 2F
0-2: Ball
1-2: Fielders Choice at 2nd, 6-4 (Groundball, 6)
Top of the 6th over - 0 run(s), 1 hit(s), 0 error(s), 1 left on base; Houston 3 - Seattle 3
BOTTOM OF THE 6TH
Seattle Aviators batting - Pitching for Houston 1837 BBC : RHP Greg White
Batting: RHB Ethan Stanford 0-0: Foul Ball, location: 2F
0-1: Foul Ball, location: 2F
0-2: Ball
1-2: Fly out, F8 (Flyball, 8RS)
Batting: RHB Sean Davis 0-0: Ground out 6-3 (Groundball, 6S)
Batting: RHB Bobby Christopher 0-0: Ball
1-0: SINGLE (Groundball, 6D)
Batting: RHB Jay Parker 0-0: Ball
1-0: Ground out 6-3 (Groundball, 6M)
Bottom of the 6th over - 0 run(s), 1 hit(s), 0 error(s), 1 left on base; Houston 3 - Seattle 3
TOP OF THE 7TH
Houston 1837 BBC batting - Pitching for Seattle Aviators : RHP Bill Ball
Batting: LHB Alberto Torres 0-0: Swinging Strike
0-1: Called Strike
0-2: Ball
1-2: Strikes out swinging
Batting: RHB Kumanosuke Abe 0-0: Called Strike
0-1: Ball
1-1: Ball
2-1: Ball
3-1: Base on Balls
Batting: LHB José Marín 0-0: Called Strike
0-1: Ball
1-1: Swinging Strike
1-2: Ball
2-2: Ball
3-2: Foul Ball, location: 2F
3-2: DOUBLE (Flyball, 89XD)
Kumanosuke Abe to third
Batting: RHB Bob Dickerson 0-0: Ball
1-0: Called Strike
1-1: Swinging Strike
1-2: Ball
2-2: Strikes out swinging
Batting: SHB Jason Alexander 0-0: Intentional Walk
Batting: RHB David Gómez 0-0: Ball
1-0: Called Strike
1-1: Called Strike
1-2: Foul Ball, location: 2F
1-2: Fly out, F8 (Line Drive, 8LM)
Top of the 7th over - 0 run(s), 1 hit(s), 0 error(s), 3 left on base; Houston 3 - Seattle 3
BOTTOM OF THE 7TH
Seattle Aviators batting - Pitching for Houston 1837 BBC : RHP Greg White
Batting: RHB Tynan Hawkins 0-0: Ball
1-0: Ball
2-0: Ball
3-0: Called Strike
3-1: Foul Ball, location: 2F
3-2: Foul Ball, location: 2F
3-2: Base on Balls
Batting: LHB Ramón García 0-0: Ball
1-0: Ball
2-0: Sac Bunt - play at first, batter OUT! 1-4
Tynan Hawkins to second
Batting: RHB John MacGregor 0-0: Called Strike
0-1: Ball
1-1: Ball
2-1: Ground out 4-3 (Groundball, 4)
Tynan Hawkins to third
Batting: LHB Kenny Webster 0-0: Foul Ball, location: 2F
0-1: Ball
1-1: Ball
2-1: Foul Ball, location: 2F
2-2: Foul Ball, location: 2F
2-2: Ball
3-2: Foul Ball, location: 2F
3-2: Foul Ball, location: 2F
3-2: Base on Balls
Pinch Hitting: LHB Tim Hargrove 0-0: SINGLE (Groundball, 4MD)
Tynan Hawkins scores
Kenny Webster to second
Runner from 2nd tries for 3rd, SAFE, throw made to third
Batting: RHB Ethan Stanford 0-0: Ball
1-0: Ball
2-0: Foul Ball, location: 2F
2-1: Ball
3-1: Foul Ball, location: 2F
3-2: Ground out 6-3 (Groundball, 6)
Bottom of the 7th over - 1 run(s), 1 hit(s), 0 error(s), 2 left on base; Houston 3 - Seattle 4
TOP OF THE 8TH
Houston 1837 BBC batting - Pitching for Seattle Aviators : RHP Bill Ball
Pitching: LHP Dan Mitchell
Now in LF: Tim Hargrove
Batting: LHB Mike Hanson 0-0: Ball
1-0: SINGLE (Line Drive, 78S)
Pitching: RHP Myron Snow
Batting: RHB Tracy Parker 0-0: Foul Ball, location: 2F
0-1: Ball
1-1: Bunted foul
1-2: Foul Ball, location: 2F
1-2: Hit by Pitch
Mike Hanson to second
Pinch Hitting: LHB Juan Gabriel 0-0: Called Strike
0-1: DOUBLE (Line Drive, 89D)
Mike Hanson scores
Tracy Parker to third
Batting: LHB Alberto Torres 0-0: Ball
1-0: Ball
2-0: Ball
3-0: Called Strike
3-1: Base on Balls
Batting: RHB Kumanosuke Abe 0-0: Foul Ball, location: 2F
0-1: Ball
1-1: Ball
2-1: Fly out, F6 (Line Drive, 6)
Batting: LHB José Marín 0-0: Foul Ball, location: 2F
0-1: Grounds into fielders choice 4-2 (Groundball, 4)
Juan Gabriel to third
Alberto Torres to second
Batting: RHB Bob Dickerson 0-0: Ball
1-0: Called Strike
1-1: Swinging Strike
1-2: Foul Ball, location: 2F
1-2: Ball
2-2: Foul Ball, location: 2F
2-2: Ball
3-2: Strikes out swinging
Top of the 8th over - 1 run(s), 2 hit(s), 0 error(s), 3 left on base; Houston 4 - Seattle 4
BOTTOM OF THE 8TH
Seattle Aviators batting - Pitching for Houston 1837 BBC : RHP Greg White
Now at 3B: Juan Gabriel
Batting: RHB Sean Davis 0-0: Ground out 6-3 (Groundball, 6)
Batting: RHB Bobby Christopher 0-0: Called Strike
0-1: Ball
1-1: SINGLE (Line Drive, 56)
Batting: RHB Jay Parker 0-0: Swinging Strike
0-1: Ball
1-1: Fly out, F9 (Flyball, 89S)
Batting: RHB Tynan Hawkins 0-0: Ball
1-0: Ball
2-0: Ball
3-0: Called Strike
3-1: Ground out 4-3 (Groundball, 4S)
Bottom of the 8th over - 0 run(s), 1 hit(s), 0 error(s), 1 left on base; Houston 4 - Seattle 4
TOP OF THE 9TH
Houston 1837 BBC batting - Pitching for Seattle Aviators : RHP Myron Snow
Pitching: RHP Rex Hood
Batting: SHB Jason Alexander 0-0: Ball
1-0: Ball
2-0: Foul Ball, location: 2F
2-1: Swinging Strike
2-2: Fly out, F8 (Flyball, 8LM)
Batting: RHB David Gómez 0-0: Ball
1-0: Foul Ball, location: 2F
1-1: Ball
2-1: Called Strike
2-2: Fly out, F9 (Flyball, 89S)
Batting: LHB Mike Hanson 0-0: Ball
1-0: Ball
2-0: Ball
3-0: Base on Balls
Batting: RHB Tracy Parker 0-0: Ball
1-0: Ground out 1-3 (Groundball, P)
Top of the 9th over - 0 run(s), 0 hit(s), 0 error(s), 1 left on base; Houston 4 - Seattle 4
BOTTOM OF THE 9TH
Seattle Aviators batting - Pitching for Houston 1837 BBC : RHP Greg White
Pitching: RHP Francisco Valdés
Batting: LHB Ramón García 0-0: Ball
1-0: Called Strike
1-1: Ball
2-1: Ball
3-1: SINGLE (Groundball, 34) (infield hit)
Batting: RHB John MacGregor 0-0: Ball
1-0: Sac Bunt - play at first, batter OUT! 1-4
Ramón García to second
Batting: LHB Kenny Webster 0-0: Intentional Walk
Batting: LHB Tim Hargrove 0-0: Ball
1-0: Ball
2-0: Ball
3-0: Called Strike
3-1: Base on Balls
Ramón García to third
Kenny Webster to second
Batting: RHB Ethan Stanford 0-0: Hit by Pitch
Ramón García scores
Kenny Webster to third
Tim Hargrove to second
Monday, March 20th, 2017 - OOTP Baseball 17.12 Build 75